AoeStats
← Дитя Войны

Scandinavia

510740896Analyzed
1v1 RM · 7h ago on Oct 2, 2026· 34m 46s· 2 players
Game mode
Random Map
Map size
Tiny (2 player)
Population
200
Speed
Normal
Resources
Standard
Victory
Conquest
Starting age
Dark Age
Ending age
Imperial Age
RankedLock teamsTeams togetherTeam positionsShared explorationLock speedFull tech treeHidden civsTurbo modeCheats
Victory
Defeat
🇩🇪 Japanese · Germany
1139
+15
🇷🇺 Bulgarians · Russia
1114
-15
Дитя Войны
8:44 Loom
10:56 Feudal Age
12:43 Double-Bit Axe
13:43 Fishing Lines
13:55 Horse Collar
14:59 Gold Mining
21:36 Castle Age
19:23 Town Watch
19:51 Stone Mining
23:49 Wheelbarrow
25:48 Medium Warships
25:29 Gillnets
34:27 Fletching
34:43 Scale Barding Armor
34:49 Forging
34:40 Scale Mail Armor
Lastdrop
8:16 Loom
10:49 Feudal Age
16:11 Castle Age
14:48 Double-Bit Axe
18:16 Wheelbarrow
17:58 Fletching
18:31 Forging
19:39 Medium Warships
20:34 Fishing Lines
22:56 Gillnets
23:59 Scale Mail Armor
27:23 Chain Mail Armor
27:43 Bodkin Arrow
29:30 Iron Casting
34:07 Imperial Age
34:08 Horse Collar
34:45 Bow Saw
34:53 Hand Cart
34:24 Town Watch
Connection lost

Rejoining the realm…

Still unreachable

The connection could not be restored.

Session expired

The server has moved on; the page needs a fresh start.